 Dungeon Crawl Stone Soup version 0.16.1-11-g651b585 (webtiles) character file.

5700 Chiseanne the Spear-Bearer (level 10, -4/73 HPs)
             Began as a Mummy Wanderer on Mar 30, 2015.
             Was an Initiate of Gozag.
             Slain by a hill giant
             ... wielding a cursed +0 giant spiked club
              (13 damage)
             ... on level 9 of the Dungeon.
             The game lasted 00:34:49 (10166 turns).

Chiseanne the Spear-Bearer (Mummy Wanderer)        Turns: 10166, Time: 00:34:49

Health: -4/73      AC: 22    Str: 15    XL:     10   Next: 48%
Magic:  0/12       EV: 11    Int: 10    God:    Gozag
Gold:   1246       SH:  0    Dex: 15    Spells: 0 memorised, 9 levels left

rFire  . . .     SeeInvis .     a - +2 glaive (protect)
rCold  + . .     Clarity  .     v - +5 scale mail {MR+}
rNeg   + + +     SustAb   +     (no shield)
rPois  ∞         Gourm    .     r - +0 helmet
rElec  .         Spirit   +     b - +0 cloak
rCorr  .         Warding  .     g - +2 pair of gloves
rMut   .         Stasis   .     (no boots)
MR     ++...                    u - amulet of guardian spirit
Stlth  +.........               p - ring of protection from fire
                                j - ring of sustain abilities

@: very resistant to hostile enchantments, very unstealthy
A: no food or potions, fire vulnerability, restore body, cold resistance 1,
negative energy resistance 3, poison resistance, torment resistance, unbreathing
a: Potion Petition, Call Merchant, Bribe Branch, Renounce Religion


You were on level 9 of the Dungeon.
You worshipped Gozag.
Gozag was noncommittal.
You were not hungry.

You visited 3 branches of the dungeon, and saw 12 of its levels.

You collected 1373 gold pieces.
You paid 127 gold pieces to Gozag.

Inventory:

Hand weapons
 a - a +2 glaive of protection (weapon)
 s - a +2 hand axe of electrocution
 w - a +0 blowgun
Missiles
 f - 56 arrows
 h - 15 poisoned arrows
 i - 54 poisoned needles
 l - 33 sling bullets
 m - 39 bolts
 q - 3 throwing nets (quivered)
 z - 12 arrows of dispersal
 A - 2 tomahawks
Armour
 b - a +0 cloak (worn)
 g - a +2 pair of gloves (worn)
 r - a +0 helmet (worn)
 t - a +0 buckler
 v - a +5 scale mail of magic resistance (worn)
Rods
 e - a +4 iron rod (17/17)
   (You found it on level 9 of the Dungeon)
Jewellery
 d - an uncursed amulet of warding
 j - a ring of sustain abilities (left hand)
 p - a ring of protection from fire (right hand)
 u - an amulet of guardian spirit (around neck)
Magical devices
 B - a wand of polymorph (12)
 C - a wand of slowing (24)
 D - a wand of digging (12)
 F - a wand of lightning (0)
Scrolls
 c - 3 scrolls of immolation
 k - 3 scrolls of identify
 n - 3 scrolls of recharging
 o - 2 scrolls of remove curse
 x - 2 scrolls of fog
 y - a scroll of magic mapping
Books
 E - a Young Poisoner's Handbook

   Spells                             Type                      Level
   a - Sting                          Conjuration/Poison           1
   b - Cure Poison                    Poison                       2
   c - Mephitic Cloud                 Conjuration/Poison/Air       3
   d - Olgreb's Toxic Radiance        Poison                       4
   e - Venom Bolt                     Conjuration/Poison           5


   Skills:
 * Level 4.4 Fighting
 - Level 3.0(7.9) Axes
 - Level 1.0(2.1) Maces & Flails
 - Level 11.2(11.3) Polearms
 * Level 3.7 Armour
 * Level 3.5 Dodging
 - Level 1.7 Stealth
 * Level 1.5 Evocations


You had 9 spell levels left.
You didn't know any spells.

Dungeon Overview and Level Annotations

Branches:
Dungeon (10/15)            Temple (1/1) D:4            Lair (1/8) D:8
    Orc: D:9-12

Altars:
Ashenzari
Cheibriados
Elyvilon
Fedhas
Gozag
Kikubaaqudgha
Nemelex Xobeh
Okawaru
Qazlal
Ru
Sif Muna
Trog
Vehumet
Xom
Yredelemnul
The Shining One

Shops:
D:4 !

Annotations:
D:3 Grinder


Innate Abilities, Weirdness & Mutations

You do not eat or drink.
Your flesh is vulnerable to fire.
Your flesh is cold resistant.
You are immune to negative energy.
Your system is resistant to poisons.
You are immune to unholy pain and torment.
You can survive without breathing.


Message History

The hill giant hits you with a giant spiked club.
* * * LOW HITPOINT WARNING * * *
Evoke which item? (* to show all) (? for menu, Esc to quit)
Zapping:
F - a wand of lightning {zapped: 6} (will waste charges)
Press: ? - help, Shift-Dir - straight line, f/p - two-headed ogre
Aim: a two-headed ogre, wielding two giant clubs (heavily wounded)
You hear a mighty clap of thunder!
The bolt of lightning hits the hill giant.
The hill giant is heavily wounded.
The bolt of lightning hits the two-headed ogre.
The two-headed ogre is severely wounded.
Evoking this partially-identified wand wasted a few charges.
Evoke which item? (* to show all) (? for menu, Esc to quit)
Zapping:
F - a wand of lightning {zapped: 8} (will waste charges)
Press: ? - help, Shift-Dir - straight line, f/p - two-headed ogre
Aim: a two-headed ogre, wielding two giant clubs (severely wounded) Nothing appears to happen.
The hill giant hits you with a giant spiked club!
You die...
Your body crumbles into a pile of gold.

#.##..###..#.........#........#
#.##.......#.........#........#
#..........#####'#####.........
#########)#####.........#####..
#.............#.........'...#.#
#.............#.##......#...#.#
#(............#O##......#...#..
###.........#####C........#...#..
..#.........#...@#####..#######..
#.######....#....# ###.###...#.#
#......#....#....# #.._......#.#
.......#....#....# #.#.#.....#.#
##.....#....#.%..# #.........#..
.'.....#....#....# ##........'..
.#.....#....#....# #...##..<#..
##...?.#.[..#....# #...##...#..
.#######....#....# #^..##...#..


You could see a hill giant and a two-headed ogre.

Vanquished Creatures
  A hill giant (D:9)
  Pikel (D:6)
  Edmund (D:6)
  A merfolk (D:9)
  The ghost of Harvey99999 the Covered, an average HuWn (D:5)
  2 wandering mushrooms (D:8)
  A hippogriff (D:7)
  2 steam dragons (D:7)
  A hungry ghost (D:7)
  2 water moccasins
  An orc warrior (D:8)
  An ice beast (D:6)
  4 ogres
  A slave (D:6)
  A black bear (D:7)
  2 sky beasts
  A phantom (D:5)
  Duvessa (D:6)
  A centaur (D:8)
  A crocodile (D:9)
  4 giant frogs
  Blork the orc (D:6)
  6 scorpions
  4 crimson imps
  Dowan (D:6)
  2 goliath beetles
  4 orc priests
  A centaur skeleton (D:8)
  A hound (D:7)
  2 iguanas
  6 orc wizards
  A killer bee zombie (D:7)
  3 worker ants
  Ijyb (D:6)
  A hound skeleton (D:4)
  A worker ant zombie (D:7)
  8 adders
  8 gnolls
  2 shadow imps
  A giant mite (D:8)
  3 worms (D:2)
  2 adder zombies
  2 adder skeletons
  2 giant geckos (D:2)
  3 oozes
  19 orcs
  7 bats
  A bat skeleton (D:7)
  2 bat zombies
  8 hobgoblins
  16 jackals
  13 kobolds
  4 quokkas
  2 ball pythons
  12 giant cockroaches
  2 giant gecko skeletons
  8 giant newts
  17 goblins
  2 jackal zombies
  2 quokka zombies (D:9)
  14 rats
  13 fungi
239 creatures vanquished.

Vanquished Creatures (others)
  2 slaves (D:6)
  A giant frog (D:6)
  An orc wizard (D:6)
  A quokka (D:6)
  2 fungi (D:8)
7 creatures vanquished.

Grand Total: 246 creatures vanquished

Notes
Turn   | Place    | Note
--------------------------------------------------------------
     0 | D:1      | Chiseanne, the Mummy Wanderer, began the quest for the Orb.
     0 | D:1      | Chiseanne set off with: a +2 hand axe, a +0 shortbow, a +0 robe, a +0 dagger, 26 arrows
     0 | D:1      | Reached XP level 1. HP: 16/16 MP: 1/1
   233 | D:1      | Reached XP level 2. HP: 22/22 MP: 2/2
   781 | D:2      | Reached skill level 3 in Axes
  1085 | D:2      | Reached XP level 3. HP: 19/28 MP: 3/3
  1783 | D:2      | Reached skill level 1 in Dodging
  1880 | D:2      | Reached XP level 4. HP: 34/34 MP: 4/4
  2492 | D:3      | Noticed Grinder
  2647 | D:4      | Reached XP level 5. HP: 26/41 MP: 5/5
  3198 | D:4      | Found a staircase to the Ecumenical Temple.
  3208 | Temple   | Entered the Ecumenical Temple
  3371 | Temple   | Became a worshipper of Gozag Ym Sagoz the Greedy
  3661 | D:4      | Found Plunin's Distillery.
  3866 | D:5      | Entered Level 5 of the Dungeon
  3870 | D:5      | Reached XP level 6. HP: 47/47 MP: 6/6
  3915 | D:5      | Noticed Harvey99999's ghost (average HuWn)
  3955 | D:5      | Killed Harvey99999's ghost
  4223 | D:5      | Noticed a steam dragon
  4224 | D:5      | Noticed a steam dragon
  4238 | D:5      | HP: 2/47 [steam dragon/ball of steam (19)]
  4580 | D:5      | Reached XP level 7. HP: 42/52 MP: 7/7
  4616 | D:5      | Reached skill level 4 in Polearms
  4967 | D:6      | Noticed Pikel
  4994 | D:6      | Killed Pikel
  4994 | D:6      | Reached skill level 6 in Polearms
  4994 | D:6      | Reached XP level 8. HP: 31/58 MP: 8/8
  5208 | D:6      | Noticed Duvessa
  5208 | D:6      | Noticed Dowan
  5218 | D:6      | Killed Duvessa
  5245 | D:6      | Killed Dowan
  5245 | D:6      | Reached skill level 7 in Polearms
  5400 | D:6      | Noticed Ijyb
  5416 | D:6      | Killed Ijyb
  5459 | D:6      | Noticed Edmund
  5486 | D:6      | Killed Edmund
  5486 | D:6      | Reached skill level 8 in Polearms
  5645 | D:6      | Found a basalt altar of Yredelemnul.
  5712 | D:6      | Found a bloodstained altar of Trog.
  5713 | D:6      | Found a shimmering altar of Xom.
  5736 | D:6      | Reached XP level 9. HP: 62/64 MP: 9/9
  5907 | D:6      | Found a snail-covered altar of Cheibriados.
  6326 | D:6      | Noticed Blork the orc
  6344 | D:6      | Killed Blork the orc
  6351 | D:6      | Found a deep blue altar of Sif Muna.
  6377 | D:7      | Reached skill level 9 in Polearms
  6808 | D:7      | Killed a steam dragon
  6969 | D:7      | Reached skill level 10 in Polearms
  7791 | D:8      | Found a staircase to the Lair.
  7809 | D:8      | Reached XP level 10. HP: 70/70 MP: 10/10
  7817 | D:8      | Reached skill level 11 in Polearms
  8661 | Lair:1   | Entered Level 1 of the Lair of Beasts
  8688 | D:9      | Found a white marble altar of Elyvilon.
  9567 | D:10     | Entered Level 10 of the Dungeon
  9571 | D:10     | Noticed a hill giant
  9578 | D:10     | Noticed a hill giant
  9903 | D:9      | Killed a hill giant
  9903 | D:9      | Reached skill level 1 in Evocations
 10166 | D:9      | Slain by a hill giant

Action                   |  1- 3 |  4- 6 |  7- 9 | 10-12 || total
-------------------------+-------+-------+-------+-------++-------
Melee: Hand axe          |   119 |   170 |       |       ||   289
       Glaive            |       |   101 |   438 |   248 ||   787
 Fire: Blowgun           |       |       |    28 |       ||    28
Throw: Throwing net      |       |       |       |     1 ||     1
Invok: Potion Petition   |       |     1 |       |       ||     1
Evoke: Wand              |       |       |       |     4 ||     4
       Rod               |       |       |       |     2 ||     2
  Use: Scroll            |     8 |    10 |     5 |     4 ||    27
 Stab: Sleeping          |     2 |       |       |       ||     2
       Distracted        |       |       |       |     1 ||     1
